AoeStats
← Robermad

Arena

510812637Analyzed
2v2 RM · 12h ago on Oct 2, 2026· 43m 18s· 4 players
Game mode
Random Map
Map size
Medium (4 player)
Population
200
Speed
Normal
Resources
Standard
Victory
Conquest
Starting age
Dark Age
Ending age
Imperial Age
RankedLock teamsTeams togetherTeam positionsShared explorationLock speedFull tech treeHidden civsTurbo modeCheats
Victory
Defeat
🇪🇸 Spanish · Spain
1146
+13
🇪🇸 Teutons · Spain
1071
+16
🇨🇳 Varangians · China
1079
-15
🇨🇳 Saxons · China
1072
-14
欲火银河
11:28 Feudal Age
12:36 Double-Bit Axe
15:35 Castle Age
14:13 Horse Collar
15:28 Wheelbarrow
16:34 Bow Saw
20:31 Heavy Plow
24:45 Hand Cart
24:57 Gold Mining
26:25 Gold Shaft Mining
30:00 Imperial Age
27:37 Scale Mail Armor
27:48 Forging
27:39 Padded Archer Armor
27:41 Stone Mining
28:12 Squires
29:01 Chain Mail Armor
29:53 Iron Casting
30:17 Thumb Ring
30:12 Fletching
30:37 Leather Archer Armor
30:00 Shield Wall
31:01 Conscription
30:26 Cranequins
31:36 Town Watch
31:37 Loom
32:02 Arson
32:04 Gambesons
32:53 Caravan
33:33 Bodkin Arrow
34:09 Plate Mail Armor
34:42 Bracer
35:12 Ring Archer Armor
34:54 Heavy Mounted Crossbowman
39:03 Elite Varangian Guard
41:21 Chemistry
40:54 Ballistics
42:35 Cavalier
43:16 Husbandry
43:26 Bloodlines
Super207
10:04 Feudal Age
10:58 Loom
11:44 Double-Bit Axe
14:03 Castle Age
17:37 Bow Saw
24:26 Wheelbarrow
24:38 Scale Barding Armor
29:10 Imperial Age
28:26 Fletching
30:16 Husbandry
30:27 Bloodlines
31:18 Chain Barding Armor
35:21 Plate Barding Armor
Robermad
7:41 Loom
10:01 Feudal Age
9:22 Loom
14:08 Castle Age
13:54 Horse Collar
14:10 Double-Bit Axe
15:20 Heavy Plow
25:10 Bloodlines
33:52 Imperial Age
34:26 Scale Barding Armor
36:19 Chain Barding Armor
36:25 Elite Conquistador
40:17 Plate Barding Armor
FURIOUSPAKO
11:00 Feudal Age
12:31 Loom
15:11 Castle Age
13:40 Double-Bit Axe
14:01 Horse Collar
16:19 Gold Mining
17:30 Stone Mining
17:53 Bow Saw
28:25 Imperial Age
26:33 Wheelbarrow
26:31 Town Watch
27:30 Heavy Plow
27:29 Fletching
29:07 Ballistics
29:05 Bodkin Arrow
30:16 Chemistry
30:04 Crenellations
30:03 Padded Archer Armor
36:36 Two-Man Saw
36:05 Leather Archer Armor
36:14 Conscription
37:07 Hand Cart
39:52 Elite Skirmisher
41:21 Crop Rotation
41:34 Ring Archer Armor
Connection lost

Rejoining the realm…

Still unreachable

The connection could not be restored.

Session expired

The server has moved on; the page needs a fresh start.